 Dungeon Crawl Stone Soup version 0.24.0-125-gc4c63601f3 (webtiles) character file.

Game seed: 3914363760594617878, levelgen mode: deterministic

1434 Descartes the Ducker (level 8, 0/37 HPs)
             Began as a Felid Warper on Mar 16, 2020.
             Killed from afar by Thomus's ghost (6 damage)
             ... with a magic dart
             ... on level 4 of the Dungeon.
             The game lasted 00:20:05 (10272 turns).

Descartes the Ducker (Felid Warper)                Turns: 10272, Time: 00:20:05

Health: 0/37       AC:  3    Str: 11    XL:     8   Next: 45%
Magic:  14/15      EV: 22    Int: 14    God:
Gold:   379        SH:  0    Dex: 17    Spells: 1/15 levels left
                                        Lives:  0   Deaths: 2

rFire    . . .     SeeInvis +     - Unarmed
rCold    + . .     Gourm    .   (shield unavailable)
rNeg     . . .     Faith    .   (armour unavailable)
rPois    .         Spirit   .   (helmet unavailable)
rElec    +         Reflect  .   (cloak unavailable)
rCorr    .         Harm     .   (gloves unavailable)
MR       +....                  (boots unavailable)
Stlth    ++++......             (no amulet)
HPRegen  0.12/turn              m - +3 ring of dexterity
MPRegen  0.14/turn              o - ring of protection from cold

@: shrouded, quick
A: very small, no armour, no weapons or thrown items, stealth, claws 1, fangs 3,
rugged brown scales 1, see invisible, carnivore, clumsy 1, speed 1, shaggy fur
2, electricity resistance, slow metabolism 1, strong 1, wild magic 1, evolution
1, sharp paws
a: no special abilities


You were on level 4 of the Dungeon.
You were very full.

You visited 2 branches of the dungeon, and saw 8 of its levels.

You collected 379 gold pieces.

Inventory:

Missiles
 g - 173 stones
 s - 109 arrows
Jewellery
 m - a +3 ring of dexterity (left paw)
 n - a +3 ring of dexterity
 o - a ring of protection from cold (right paw)
Wands
 e - a wand of disintegration (8)
 v - a wand of random effects (15)
 x - a wand of acid (9)
Scrolls
 a - 3 scrolls of fear
 b - 3 scrolls of blinking
 f - 3 scrolls of teleportation {unknown}
 h - a scroll of fog {unknown}
 i - a scroll of amnesia {unknown}
 j - 8 scrolls of remove curse
 l - a scroll of immolation {unknown}
 p - 3 scrolls of noise {unknown}
 q - 3 scrolls of magic mapping {unknown}
 r - a scroll of brand weapon {unknown}
 t - a scroll of enchant armour {unknown}
 y - a scroll of torment {unknown}
 B - a scroll of identify
Potions
 d - a potion of resistance
 k - 3 potions of magic
 u - a potion of brilliance {unknown}
 w - a potion of cancellation {unknown}
 z - a potion of curing
Comestibles
 c - 13 rations


   Skills:
 + Level 4.9 Fighting
 + Level 6.8 Dodging
 + Level 6.2 Stealth
 * Level 6.6 Unarmed Combat
 - Level 4.0 Spellcasting
 + Level 4.9 Charms
 - Level 5.0 Translocations


You had one spell level left.
You knew the following spells:

 Your Spells              Type           Power        Failure   Level  Hunger
a - Blink                 Tloc           N/A          6%          2    ##.....
b - Shroud of Golubria    Chrm/Tloc      ###...       6%          2    ##.....
c - Teleport Other        Tloc           ###.....     12%         3    ###....
d - Lesser Beckoning      Tloc           ###.......   12%         3    ###....
e - Passage of Golubria   Tloc           N/A          32%         4    ####...

Your spell library contained the following spells:

 Spells                   Type           Power        Failure   Level  Hunger
 Gell's Gravitas          Tloc           ###.......   12%         3    ###....


Dungeon Overview and Level Annotations

Branches:
Dungeon (7/15)             Temple (1/1) D:7

Altars:
Ashenzari
Fedhas
Gozag
Hepliaklqana
Kikubaaqudgha
Makhleb
Okawaru
Qazlal
Sif Muna
Trog
Uskayaw
Wu Jian
Xom
Yredelemnul
Zin
The Shining One
Beogh

Annotations:
D:4 Thomus's ghost, amateur DECj
D:7 3 runed translucent doors, kikerikii's ghost, novice HaWr


Innate Abilities, Weirdness & Mutations

You cannot wear armour.
You are incapable of wielding weapons or throwing items.
Your paws allow you to move quietly. (Stealth)
You have sharp claws.
You have razor-sharp teeth.
You have supernaturally acute eyesight. (SInv)
You are carnivorous and can eat meat at any time.
You cover ground quickly.
You are covered in thick fur. (AC +2)
You have a slow metabolism.
Your sharp claws are effective at attacking unaware monsters.
You are partially covered in rugged brown scales. (AC +1, +3% HP)
You are clumsy. (Dex -2)
You are resistant to electric shocks. (rElec)
Your muscles are strong. (Str +2)
Your spells are a little harder to cast, but a little more powerful.
You evolve.


Message History

Thomus's ghost turns its malevolent gaze towards you.
The orc shouts!
You hear a shout! x3
Casting: Shroud of Golubria (safe; 6% risk of failure)
Confirm with . or Enter, or press ? or * to list all spells.
Space distorts slightly along a thin shroud covering your body.
You open the gate. Thomus's ghost casts a spell at you.
The lance of force hits you!
You are knocked back by the lance of force.
You slam into the rock wall!
The orc priest calls down the wrath of Beogh upon you.
Beogh smites you!
* * * LOW HITPOINT WARNING * * *
Thomus's ghost casts a spell at you. The lance of force misses you.
You see here a shimmering hand crossbow.
There is a stone staircase leading down here.
Thomus's ghost casts a spell at you. The magic dart hits you.
You die...

##...............####.......
#....#............##....#...
#≈≈≈≈≈≈≈≈≈..........#..###..
#≈#≈≈≈≈≈#≈......#.....##_##.
##≈#≈###≈#≈....#####....##'..
#.≈#≈≈≈≈≈#≈...######.....#..P
#.≈≈≈≈≈≈≈≈≈...###......#....≈
#.####................##....P
#.## ##.....@......#..##.....
#..###......).........##.....
#........#............##.....
#........##.....[.....#......
##........W##..........#..##.
##.....#...).......#.##.....
##....##.#.#.....##..#.....
####......#####..###.......#
#........#####).####........


You could see Thomus's ghost.

Vanquished Creatures
  Sigmund (D:4)
  A sky beast (D:6)
  2 ice beasts
  A phantom (D:4)
  3 ogres
  2 black bears
  2 centaurs
  A crocodile (D:7)
  A bullfrog (D:6)
  A crimson imp (D:5)
  A quasit (D:4)
  A jelly (D:4)
  A bullfrog skeleton (D:5)
  Natasha (thrice) (D:2)
  5 orc wizards
  8 worker ants
  A hound zombie (D:6)
  3 gnolls (D:7)
  7 adders
  An ooze (D:4)
  4 worms (D:2)
  A dart slug (D:2)
  6 leopard geckos
  18 orcs
  3 ball pythons
  5 giant cockroaches
  6 goblins
  5 hobgoblins
  2 jackals (D:5)
  4 quokkas
  10 bats
  6 frilled lizards
  6 kobolds
  A leopard gecko zombie (D:5)
  8 rats
131 creatures vanquished.

Notes
Turn   | Place    | Note
-------+----------+-------------------------------------------
     0 | D:1      | Descartes the Felid Warper began the quest for the Orb.
     0 | D:1      | Reached XP level 1. HP: 9/9 MP: 4/4
   257 | D:1      | Reached XP level 2. HP: 13/13 MP: 6/6
   526 | D:1      | Reached skill level 1 in Stealth
   953 | D:1      | Learned a level 2 spell: Blink
   956 | D:1      | Learned a level 2 spell: Shroud of Golubria
   967 | D:1      | Reached XP level 3. HP: 11/16 MP: 7/7
  1169 | D:2      | Found a faded altar of an unknown god.
  1262 | D:2      | Found a blossoming altar of Fedhas.
  1322 | D:2      | Noticed Natasha
  1335 | D:2      | Killed Natasha
  1796 | D:2      | Reached XP level 4. HP: 20/20 MP: 8/8
  1931 | D:2      | Noticed Natasha
  1945 | D:2      | Killed Natasha
  2155 | D:2      | Found an ornate altar of the Wu Jian Council.
  2163 | D:2      | Reached skill level 1 in Charms
  2354 | D:2      | Noticed Natasha
  2376 | D:2      | Killed Natasha
  2643 | D:2      | Reached XP level 5. HP: 19/23 MP: 6/9
  3015 | D:2      | Learned a level 3 spell: Teleport Other
  3464 | D:3      | Found an opulent altar of Gozag.
  3909 | D:3      | Reached skill level 5 in Translocations
  3973 | D:3      | Noticed a -1 hand axe
  3976 | D:3      | Found a hide-covered altar of Uskayaw.
  3976 | D:3      | Noticed a +0 dagger
  4440 | D:4      | Gained mutation: You are covered in thick fur. (AC +2)
                  | [Felid growth]
  4440 | D:4      | Reached XP level 6. HP: 25/27 MP: 8/11
  4702 | D:4      | Found a glowing golden altar of the Shining One.
  4739 | D:4      | Noticed Sigmund
  4747 | D:4      | Found a runed translucent gate.
  4748 | D:4      | Found a runed translucent gate.
  4749 | D:4      | Found a runed translucent gate.
  4756 | D:4      | Identified the +4 mace "Banisher" {protect, rF- Int+2
                  | Dex+3}
  4762 | D:4      | Killed Sigmund
  4799 | D:4      | Noticed Thomus's ghost (amateur DECj)
  4959 | D:4      | Found a roughly hewn altar of Beogh.
  4989 | D:5      | Entered Level 5 of the Dungeon
  4989 | D:5      | Noticed an ice beast
  5270 | D:4      | Mangled by an ogre
  5271 | D:4      | Reached XP level 5. HP: -9/24 MP: 10/10
  5283 | D:4      | Killed an ogre
  5283 | D:4      | Reached XP level 6. HP: 28/28 MP: 11/11
  5379 | D:5      | Killed an ice beast
  5379 | D:5      | Reached skill level 5 in Dodging
  5543 | D:4      | Reached XP level 7. HP: 31/31 MP: 13/13
  5841 | D:5      | Reached skill level 5 in Unarmed Combat
  6253 | D:5      | Killed from afar by an orc wizard
  6254 | D:5      | Reached XP level 6. HP: -3/28 MP: 11/12
  6771 | D:4      | Reached XP level 7. HP: 6/32 MP: 13/13
  7731 | D:5      | Found a burning altar of Makhleb.
  8025 | D:6      | Reached skill level 5 in Stealth
  8139 | D:6      | Gained mutation: You are clumsy. (Dex -2) [potion of
                  | mutation]
  8139 | D:6      | Gained mutation: You evolve. [potion of mutation]
  8139 | D:6      | Gained mutation: Your spells are a little harder to cast,
                  | but a little more powerful. [potion of mutation]
  8139 | D:6      | Gained mutation: You are partially covered in rugged brown
                  | scales. (AC +1, +3% HP) [potion of mutation]
  8171 | D:6      | Found the cursed +13 scythe of Curses {drain, *Curse}
  8730 | D:6      | Reached XP level 8. HP: 37/37 MP: 13/15
  8804 | D:6      | Found a shimmering blue altar of Sif Muna.
  8905 | D:6      | Learned a level 3 spell: Lesser Beckoning
  8910 | D:6      | Learned a level 4 spell: Passage of Golubria
  8938 | D:7      | Found a staircase to the Ecumenical Temple.
  8949 | Temple   | Entered the Ecumenical Temple
  9173 | Temple   | Gained mutation: You are resistant to electric shocks.
                  | (rElec) [evolution]
  9994 | D:7      | Found a runed translucent gate.
  9995 | D:7      | Found a runed translucent gate.
  9996 | D:7      | Found a runed translucent gate.
  9997 | D:7      | Noticed kikerikii's ghost (novice HaWr)
 10088 | D:7      | Gained mutation: Your muscles are strong. (Str +2)
                  | [evolution]
 10272 | D:4      | Killed from afar by Thomus's ghost

Levels and vault maps discovered:
D:1:      minmay_arrival_three_doors, layout_rooms
D:2:      layout_loops_corners, fedhas_ov_isle_minmay,
          overflow_temple_1_default, chequers_ecumenical_altar_simple_redux,
          first_ration, uniq_natasha
D:3:      layout_basic, dancing_weapons_uskayaw, old_standard_altar
D:4:      layout_cave_pools, tso_oasis_becter, biasface_ghost_orc_armoury,
          minmay_crystal_water, kennysheep_decorative_pillar, uniq_sigmund
D:5:      layout_gridville, overflow_temple_1_default
D:6:      layout_loops_ring, lemuel_blue_sif_altar
D:7:      layout_cave_pods, minmay_temple_entry_grid, gammafunk_ghost_necromancy
Temple:   compressed_dpeg_triangle_lava_temple

Skill      XL: |  1  2  3  4  5  6  7  8 |
---------------+-------------------------+-----
Stealth        | 1 2 4 5 6 |  6.2
Dodging        | 4 5 6 |  6.8
Unarmed Combat | 3 4 6 |  6.6
Charms         | 1 3 4 |  4.9
Translocations | 5 |  5.0
Fighting       | 4 |  4.9
Spellcasting   | 3 4 |  4.0

Action                   |  1- 3 |  4- 6 |  7- 9 || total
-------------------------+-------+-------+-------++-------
Melee: Unarmed           |   122 |   310 |   198 ||   630
       Bite              |     9 |    28 |    16 ||    53
       Punch             |       |     2 |     3 ||     5
 Cast: Shroud of Golubri |       |    42 |    22 ||    64
       Blink             |       |     6 |     2 ||     8
  Use: Scroll            |       |       |     7 ||     7
       Potion            |       |       |     1 ||     1
 Stab: Sleeping          |     3 |     8 |     8 ||    19
  Eat: Chunk             |     9 |    18 |    13 ||    40
Armor: Skin              |    14 |    11 |    12 ||    37
Dodge: Dodged            |   103 |   236 |   191 ||   530
